 Dungeon Crawl Stone Soup version 0.27-a0-1191-g601b473118 (webtiles) character file.

Game seed: 2964573515841766575

592 siradein the Cudgeller (level 7, -1/66 HPs)
             Began as a Troll Monk on May 24, 2021.
             Was a Follower of Okawaru.
             Slain by Eustachio
             ... wielding a +0 rapier
              (3 damage)
             ... on level 5 of the Dungeon.
             The game lasted 00:11:49 (3732 turns).

siradein the Cudgeller (Troll Monk)                 Turns: 3732, Time: 00:11:50

Health: -1/66      AC:  4    Str: 22      XL:     7   Next: 16%
Magic:  3/6        EV: 11    Int:  6      God:    Okawaru [*.....]
Gold:   160        SH:  0    Dex:  8 (12) Spells: 6/6 levels left

rFire    . . .     SeeInvis .   r - +0 giant club
rCold    . . .     Faith    .   (shield currently unavailable)
rNeg     . . .     Spirit   .   b - +0 robe
rPois    .         Reflect  .   (helmet restricted)
rElec    .         Harm     .   c - scarf {shadows}
rCorr    .         Rampage  .   (gloves unavailable)
Will     .....                  (boots unavailable)
Stlth    +++.......             (no amulet)
HPRegen  1.21/turn              (no ring)
MPRegen  0.10/turn              (no ring)

@: heroic
A: large, unfitting armour, claws 3, regeneration 1, shaggy fur 1, tough skin 1
a: Renounce Religion, Heroism


You were on level 5 of the Dungeon.
You worshipped Okawaru.
Okawaru was aware of your devotion.
You visited 2 branches of the dungeon, and saw 6 of its levels.

You collected 160 gold pieces.

Inventory:

Hand Weapons
 m - a +0 flail of protection
 r - a +0 giant club (weapon)
Missiles
 t - 10 poisoned darts (quivered)
Armour
 b - a +0 robe (worn)
 c - a scarf of shadows (worn)
 i - a +0 kite shield
Jewellery
 u - a ring of willpower
Wands
 k - a wand of flame (6)
 p - a wand of charming (10)
 v - a wand of iceblast (7)
Scrolls
 e - 3 scrolls of identify {unknown}
 f - 3 scrolls of enchant armour {unknown}
 g - a scroll of fear {unknown}
 n - 2 scrolls of amnesia {unknown}
 o - a scroll of teleportation {unknown}
 q - a scroll of noise {unknown}
 s - a scroll of enchant weapon {unknown}
Potions
 a - a potion of flight {unknown}
 d - a potion of magic {unknown}
 h - a potion of cancellation {unknown}
 j - a potion of lignification {unknown}
 l - 2 potions of degeneration {unknown}


   Skills:
 - Level 2.4(7.4) Fighting
 + Level 7.6(12.6) Maces & Flails
 - Level 2.4(7.4) Dodging
 - Level 1.0(6.0) Stealth


You had 6 spell levels left.
You didn't know any spells.
Your spell library was empty.

Dungeon Overview and Level Annotations

Branches:
Dungeon (5/15)             Temple (1/1) D:5

Altars:
Cheibriados
Dithmenos
Elyvilon
Fedhas
Makhleb
Nemelex Xobeh
Okawaru
Ru
Trog
Uskayaw
Vehumet
Xom
The Shining One

Shops:
D:1 *

Annotations:
D:5 Eustachio, Prince Ribbit


Innate Abilities, Weirdness & Mutations

You are too large for most types of armour.
You have claws for hands.
Your natural rate of healing is unusually fast.
You are covered in fur. (AC +1)
You have tough skin. (AC +1)


Message History

The crimson imp barely misses you.
You barely miss Eustachio.
Eustachio is lightly wounded.
Eustachio barely misses you.
The crimson imp hits you but does no damage.
The quasit bites you.
You feel clumsy.
The quasit barely misses you. x2; Eustachio hits you with a +0 rapier.
The crimson imp barely misses you.
The quasit bites you but does no damage.
The quasit claws you but does no damage. x2
You gain the combat prowess of a mighty hero.
Prince Ribbit barely misses you. The quasit bites you.
The quasit claws you but does no damage.
The quasit closely misses you.
The crimson imp hits you but does no damage.
The shadow imp closely misses you. Eustachio hits you with a +0 rapier!
You closely miss Eustachio.
Eustachio is lightly wounded.
Prince Ribbit hits you!!
The quasit bites you but does no damage.
The quasit claws you but does no damage.
The quasit closely misses you.
Eustachio mumbles some strange words.
The crimson imp spits at you. The crimson imp hits you.
The shadow imp gestures at you. Pain shoots through your body!
* * * LOW HITPOINT WARNING * * *
Unknown command.
You closely miss Eustachio.
Eustachio is lightly wounded.
Prince Ribbit hits you!
* * * LOW HITPOINT WARNING * * *
The quasit bites you but does no damage.
The quasit barely misses you. The quasit claws you.
* * * LOW HITPOINT WARNING * * *
You feel clumsy. Prince Ribbit barely misses you.
Eustachio hits you with a +0 rapier.
You die...

## ###.## # ###....##.#
. ###.......#.#
..#.......$.#.#
#.............#
.......5......#
....n@@5......##
.....Fb5.......#
..........$....##
................##
.................###
..........##....#..##
..##########....##..###
#...#####..#
####...######..


You could see Eustachio, Prince Ribbit, a necrophage, a quasit (summoned), a
crimson imp (summoned), a shadow imp (summoned) and a bat (summoned).

Vanquished Creatures
  An ogre (D:4)
  A phantom (D:3)
  A water moccasin skeleton (D:4)
  A crimson imp (D:4)
  2 hounds (D:4)
  An orc priest (D:3)
  Terence (D:2)
  A hound zombie (D:5)
  A hound skeleton (D:5)
  4 gnolls
  5 adders
  An ufetubus (D:5)
  A worm (D:2)
  4 dart slugs
  8 orcs (D:3)
  7 ball pythons
  11 endoplasms
  2 giant cockroaches
  5 goblins
  11 hobgoblins
  5 jackals
  A quokka (D:1)
  8 bats
  3 frilled lizards
  A goblin skeleton (D:4)
  A goblin zombie (D:4)
  5 hobgoblin zombies (D:4)
  9 kobolds
  A kobold zombie (D:4)
  2 orc zombies (D:4)
  4 rats
109 creatures vanquished.

Vanquished Creatures (others)
  A plant (D:5)
1 creature vanquished.

Grand Total: 110 creatures vanquished

Notes
Turn   | Place    | Note
-------+----------+-------------------------------------------
     0 | D:1      | siradein the Troll Monk began the quest for the Orb.
     0 | D:1      | Reached XP level 1. HP: 22/22 MP: 0/0
    12 | D:1      | Found Umaov's Assorted Antiques.
    69 | D:1      | Reached skill level 3 in Maces & Flails
   170 | D:1      | Reached XP level 2. HP: 29/29 MP: 1/1
   326 | D:1      | Found a faded altar of an unknown god.
   445 | D:1      | Reached XP level 3. HP: 36/36 MP: 2/2
   988 | D:2      | Reached skill level 4 in Maces & Flails
  1175 | D:2      | Reached XP level 4. HP: 29/44 MP: 3/3
  1254 | D:2      | Noticed Terence
  1318 | D:2      | Killed Terence
  1503 | D:3      | Reached skill level 5 in Maces & Flails
  1826 | D:3      | Reached XP level 5. HP: 48/50 MP: 4/4
  2235 | D:4      | Noticed a phantom
  2359 | D:3      | Killed a phantom
  2360 | D:3      | Reached skill level 6 in Maces & Flails
  2360 | D:3      | Reached XP level 6. HP: 55/59 MP: 5/5
  2782 | D:4      | Found a burning altar of Makhleb.
  2906 | D:4      | Found a sacrificial altar of Ru.
  2942 | D:4      | Reached skill level 7 in Maces & Flails
  3098 | D:4      | Found a glowing golden altar of the Shining One.
  3113 | D:4      | Reached XP level 7. HP: 65/66 MP: 6/6
  3500 | D:5      | Entered Level 5 of the Dungeon
  3548 | D:5      | Found a staircase to the Ecumenical Temple.
  3560 | Temple   | Entered the Ecumenical Temple
  3685 | Temple   | Became a worshipper of Warmaster Okawaru
  3685 | Temple   | Reached * piety under Okawaru
  3685 | Temple   | Reached ** piety under Okawaru
  3715 | D:5      | Noticed Eustachio
  3727 | D:5      | Noticed Prince Ribbit
  3732 | D:5      | HP: 2/66 [quasit[Eustachio] (2)]
  3732 | D:5      | Slain by Eustachio

Illustrated notes

Levels and vault maps discovered:
D:1:      pf_arrival_petrified_forest, layout_basic, serial_shops,
          nicolae_shop_behind_doors, basic_ecumenical_altar,
          minmay_misc_feat_diagonals, hex_large, minmay_3d_cube
D:2:      layout_rooms, uniq_terence
D:3:      layout_loops_ring
D:4:      layout_loops_corners, nicolae_tso_besieged_by_evil,
          makhleb_heckhound_becter, hangedman_ru_absence
D:5:      layout_cave_pods, minmay_temple_entry_overgrown, uniq_eustachio,
          uniq_blork_the_orc, uniq_prince_ribbit1
Temple:   eino_temple_lava

Skill      XL: |  1  2  3  4  5  6 |
---------------+-------------------+-----
Maces & Flails | 3 4 5 6 7 |  7.6
Fighting       | |  2.4
Dodging        | |  2.4
Stealth        | |  1.0

Action                   |  1- 3 |  4- 6 |  7- 9 || total
-------------------------+-------+-------+-------++-------
Melee: Mace              |   118 |    29 |       ||   147
       Flail             |       |   187 |       ||   187
       Giant club        |       |    40 |    31 ||    71
Invok: Heroism           |       |       |     2 ||     2
 Stab: Sleeping          |     3 |     4 |     1 ||     8
Armor: Robe              |    67 |   112 |    23 ||   202
Dodge: Dodged            |    74 |   103 |    28 ||   205
Block: Kite shield       |    20 |    89 |       ||   109

Table legend: (Time is in decaauts)
 A = Elapsed time spent in this place.
 B = Non-inter-level travel time spent in this place.
 C = Inter-level travel time spent in this place.
 D = Time resting spent in this place.
 E = Time spent auto-exploring this place.
 F = Levels seen in this place.
 G = Mean time per level.
                   A        B        C        D        E       F      G
               +--------+--------+--------+--------+--------+-----+--------+
         Total |   3877 |   3758 |    119 |     79 |   2564 |   6 |  646.2 |
       Dungeon |   3743 |   3624 |    119 |     79 |   2474 |   5 |  748.6 |
        Temple |    134 |    134 |      0 |      0 |     90 |   1 |  134.0 |
               +--------+--------+--------+--------+--------+-----+--------+

Top non-repeatable levels by time:
     D:4: 1216 daAuts
     D:3: 927 daAuts
     D:1: 898 daAuts
     D:2: 602 daAuts
  Temple: 134 daAuts
     D:5: 99 daAuts
